 Dungeon Crawl Stone Soup version 0.28-b1-70-g80dc712255 (webtiles) character file.

Game seed: 9309303597282012916

737 joshe the Skirmisher (level 8, -1/61 HPs)
             Began as a Djinni Fire Elementalist on Feb 4, 2022.
             Slain by a sky beast (3 damage)
             ... on level 5 of the Dungeon.
             The game lasted 00:26:32 (4989 turns).

joshe the Skirmisher (Djinni Fire Elementalist)     Turns: 4989, Time: 00:26:33

Health: -1/61      AC:  2    Str:  7    XL:     8   Next: 4%
Gold:   104        EV: 12    Int: 20    God:
                   SH:  0    Dex: 13

rFire   + + +      SeeInvis .   n - +1 spear (vamp)
rCold   . . .      Faith    .   (no shield)
rNeg    . . .      Spirit   .   a - +0 robe
rPois   ∞          Reflect  .   (no helmet)
rElec   .          Harm     .   g - scarf {rC+ rF+}
rCorr   .          Rampage  .   (no gloves)
Will    .....                   (boots unavailable)
Stlth   ++........              (no amulet)
HPRegen 0.20/turn               (no ring)
MPRegen 0.00/turn               (no ring)

@: flying
A: sickness immunity, fire resistance 2, cold vulnerability 1, float, innate
caster, HP casting, extra vitality 1
a: no special abilities


You were on level 5 of the Dungeon.
You visited 1 branch of the dungeon, and saw 5 of its levels.

You collected 137 gold pieces.
You spent 33 gold pieces at shops.

Inventory:

Hand Weapons
 j - a +0 dagger
 n - a +1 vampiric spear (weapon)
Missiles
 d - a throwing net
Armour
 a - a +0 robe (worn)
 g - a scarf of resistance (worn)
Magical Staves
 c - a staff of conjuration
Wands
 m - a wand of acid (8)
Scrolls
 e - 2 scrolls of noise {unknown}
 h - a scroll of enchant weapon {unknown}
Potions
 b - 2 potions of attraction
 f - 2 potions of brilliance {unknown}
 i - a potion of curing
 k - a potion of haste {unknown}
 l - a potion of resistance {unknown}


   Skills:
 - Level 6.0 Fighting
 - Level 3.0 Dodging
 - Level 1.5 Stealth
 + Level 4.6 Spellcasting


You couldn't memorise any spells.
You knew the following spells:

 Your Spells              Type           Power      Damage    Failure   Level
a - Foxfire               Conj/Fire      92%        2x1d8     1%          1
b - Scorch                Fire           46%        2d7       2%          2
c - Conjure Flame         Conj/Fire      23%        6-21      5%          3
d - Inner Flame           Hex/Fire       23%        N/A       5%          3
e - Flame Wave            Conj/Fire      23%        2d7       17%         4
f - Shock                 Conj/Air       92%        1d8       1%          1
g - Ensorcelled Hibernat  Hex/Ice        46%        N/A       2%          2
h - Tukima's Dance        Hex            23%        N/A       5%          3
Your spell library was empty.

Dungeon Overview and Level Annotations

Branches:
Dungeon (5/15)
 Temple: D:4-7

Altars:

Shops:
D:2 !


Innate Abilities, Weirdness & Mutations

You are immune to sickness and miasma.
You are immune to poison.
Your flesh is very heat resistant. (rF++)
You are vulnerable to cold. (rC-)
You float through the air rather than walking.
You learn spells naturally, not from books.
Your magical power is your life essence.
You have superior vitality. (+4 MHP)


Message History

Flames lash the iguana but do no damage.
The foxfire hits the iguana but does no damage.
The foxfire hits the iguana.
The iguana is lightly wounded.
The iguana barely misses you. The iguana barely misses you.
The iguana bites you!
Casting: Scorch (safe; 2% risk of failure)
Confirm with . or Enter, or press ? or * to list all spells.
You conjure some foxfire!
The iguana bites you!
* * * LOW HITPOINT WARNING * * *
The foxfire hits the iguana.
The iguana is moderately wounded.
The foxfire hits the iguana.
The iguana is severely wounded.
The iguana bites you!
* * * LOW HITPOINT WARNING * * *
You feel better. The iguana barely misses you. The sky beast barely misses you.
Casting: Foxfire (safe; 1% risk of failure)
Confirm with . or Enter, or press ? or * to list all spells.
Flames lash the iguana.
You kill the iguana!
* * * LOW HITPOINT WARNING * * *
The sky beast flickers out of sight!
Deactivating autopickup; reactivate with Ctrl-A.
Something hits you.
* * * LOW HITPOINT WARNING * * *
Something shocks you.
* * * LOW HITPOINT WARNING * * *
An adder comes into view.
A hound zombie comes into view.
The adder hisses angrily.
Found 10 stones.
The adder bites you.
* * * LOW HITPOINT WARNING * * *
Unknown command.
You hit the adder.
The adder is heavily wounded.
The hound zombie bites you but does no damage.
The adder misses you. Something hits you.
You die...

.....[####...........##
..... ##....#..###.#
.... #........## ..
...## #.........#
.....## #....#..#... .
.....##....#.## ..
#.........# .
#...Z.#...#
#...#@S.#...#
...###...#..#.. ##
#..........
#.....#.#... #........
.. ......... .........
.(.....##


You could see an adder and a hound zombie.

Vanquished Creatures
  Eustachio (D:5)
  A necrophage (D:2)
  An ogre (D:4)
  A water moccasin skeleton (D:5)
  A gnoll shaman (D:4)
  A hound (D:3)
  A centaur skeleton (D:4)
  An iguana (D:5)
  An orc wizard (D:3)
  11 gnolls (D:4)
  6 adders
  An adder skeleton (D:4)
  2 worms
  5 dart slugs
  4 orcs (D:3)
  6 bats
  2 endoplasms
  2 giant cockroaches
  7 goblins
  4 hobgoblins
  3 jackals (D:3)
  4 quokkas
  3 ball pythons
  7 frilled lizards
  5 kobolds
  A quokka skeleton (D:4)
  3 rats
85 creatures vanquished.

Vanquished Creatures (others)
  230 foxfires
230 creatures vanquished.

Grand Total: 315 creatures vanquished

Notes
Turn   | Place    | Note
-------+----------+-------------------------------------------
     0 | D:1      | joshe the Djinni Fire Elementalist began the quest for the
                  | Orb.
     0 | D:1      | Reached XP level 1. HP: 15/15 MP: 0/0
   223 | D:1      | Found a faded altar of an unknown god.
   298 | D:1      | Reached XP level 2. HP: 19/21 MP: 0/0
   933 | D:2      | Reached skill level 1 in Fighting
   933 | D:2      | Reached XP level 3. HP: 18/27 MP: 0/0
   933 | D:2      | Learned a level 1 spell: Shock
  1058 | D:2      | Found Qeimm's Distillery.
  1061 | D:2      | Bought a potion of curing for 33 gold pieces
  1418 | D:2      | Noticed a necrophage
  1442 | D:2      | Killed a necrophage
  1443 | D:2      | Reached skill level 2 in Fighting
  1443 | D:2      | Reached XP level 4. HP: 14/33 MP: 0/0
  1443 | D:2      | Reached XP level 5. HP: 17/38 MP: 0/0
  1443 | D:2      | Learned a level 2 spell: Ensorcelled Hibernation
  2656 | D:3      | Reached skill level 3 in Fighting
  2662 | D:3      | Reached XP level 6. HP: 30/46 MP: 0/0
  3081 | D:3      | Reached skill level 4 in Fighting
  3921 | D:4      | Reached XP level 7. HP: 47/53 MP: 0/0
  3921 | D:4      | Learned a level 3 spell: Tukima's Dance
  4191 | D:4      | Reached skill level 5 in Fighting
  4865 | D:5      | Entered Level 5 of the Dungeon
  4883 | D:5      | Reached skill level 6 in Fighting
  4964 | D:5      | Noticed Eustachio
  4967 | D:5      | Killed Eustachio
  4968 | D:5      | Reached XP level 8. HP: 43/61 MP: 0/0
  4988 | D:5      | HP: 2/61 [adder (5)]
  4989 | D:5      | Slain by a sky beast

Illustrated notes

Levels and vault maps discovered:
D:1:      evilmike_arrival_plus, layout_basic, chequers_ecumenical_altar_island
D:2:      layout_basic, serial_shops, nicolae_shop_window_shopping,
          kennysheep_minor_cross
D:3:      layout_basic, kennysheep_decorative_pillar
D:4:      layout_rooms
D:5:      layout_rooms, nzn_wu_jian_contemplation, cheibrodos_sewer_entry_bend,
          uniq_duvessa, uniq_eustachio, uniq_sigmund

Skill      XL: |  1  2  3  4  5  6  7 |
---------------+----------------------+-----
Spellcasting   | 3 4 |  4.6
Fighting       | 1 2 3 4 6 |  6.0
Dodging        | 3 |  3.0
Stealth        | |  1.5

Action                   |  1- 3 |  4- 6 |  7- 9 || total
-------------------------+-------+-------+-------++-------
Melee: Staff             |     3 |       |       ||     3
       Spear             |       |       |     1 ||     1
 Cast: Foxfire           |    35 |    82 |    20 ||   137
       Scorch            |     2 |    10 |    12 ||    24
       Shock             |       |     3 |     1 ||     4
       Conjure Flame     |       |       |     1 ||     1
       Tukima's Dance    |       |       |     1 ||     1
       Ensorcelled Hiber |       |       |     1 ||     1
       Flame Wave        |       |       |     1 ||     1
  Use: Potion            |       |     3 |     2 ||     5
Armor: Robe              |     5 |     6 |     3 ||    14
Dodge: Dodged            |    11 |    16 |    13 ||    40
